 Dungeon Crawl Stone Soup version 0.25-a0-782-g655279ceaa (webtiles) character file.

Game seed: 12738191183544910512, levelgen mode: deterministic

81 Flugslaktarn the Covered (level 4, 0/40 HPs)
             Began as a Minotaur Fighter on Apr 16, 2020.
             Slain by Natasha (2 damage)
             ... on level 4 of the Dungeon.
             The game lasted 00:00:24 (902 turns).

Flugslaktarn the Covered (Minotaur Fighter)          Turns: 902, Time: 00:00:25

Health: 0/40       AC:  7    Str: 21    XL:     4   Next: 20%
Magic:  3/3        EV:  7    Int:  5    God:
Gold:   62         SH:  9    Dex: 10    Spells: 3/3 levels left

rFire    . . .     SeeInvis .   a - +0 war axe
rCold    . . .     Gourm    .   c - +0 kite shield
rNeg     . . .     Faith    .   b - +0 scale mail
rPois    .         Spirit   .   (helmet restricted)
rElec    .         Reflect  .   (no cloak)
rCorr    .         Harm     .   (no gloves)
MR       .....                  (no boots)
Stlth    ..........             (no amulet)
HPRegen  0.13/turn              (no ring)
MPRegen  0.08/turn              (no ring)

@: slowed, very slow
A: retaliatory headbutt, horns 2
a: no special abilities


You were on level 4 of the Dungeon.
You were not hungry.

You visited 1 branch of the dungeon, and saw 4 of its levels.

You collected 62 gold pieces.

Inventory:

Hand Weapons
 a - a +0 war axe (weapon)
Armour
 b - a +0 scale mail (worn)
 c - a +0 kite shield (worn)
Jewellery
 i - a cursed ring of attention {unknown}
   (You found it on level 1 of the Dungeon)
 l - an uncursed ring of ice {unknown}
   (You found it on level 1 of the Dungeon)
Wands
 q - a wand of paralysis (11)
   (You found it on level 4 of the Dungeon)
Scrolls
 f - 2 scrolls of enchant weapon {unknown}
 g - a scroll of remove curse {unknown}
 j - a scroll of identify {unknown}
 k - a scroll of teleportation {unknown}
 o - a scroll of magic mapping {unknown}
 p - a scroll of amnesia {unknown}
Potions
 d - a potion of might
 m - a potion of stabbing {unknown}
 n - 2 potions of lignification {unknown}
 r - a potion of haste {unknown}
Comestibles
 e - 3 rations
 h - a chunk of flesh


   Skills:
 + Level 4.2 Fighting
 * Level 3.9 Axes
 + Level 4.2 Armour
 + Level 4.2 Shields


You had 3 spell levels left.
You didn't know any spells.
Your spell library was empty.

Dungeon Overview and Level Annotations

Branches:
Dungeon (4/15)             Temple (0/1) D:4

Altars:
Okawaru

Portals:
Sewer: D:4

Annotations:
D:4 Dowan, Duvessa, Natasha


Innate Abilities, Weirdness & Mutations

You reflexively headbutt those who attack you in melee.
You have a pair of horns on your head.


Message History

You are too injured to fight recklessly!
You are too injured to fight recklessly!
Unknown command.
You closely miss Natasha. You slash Duvessa!
Duvessa hits you but does no damage.
The orc wizard looks encouraged for a moment.
Dowan says, "Magic and the sword, together, will defeat you."
Duvessa hits you with a +0 short sword.
* * * LOW HITPOINT WARNING * * *
You block Natasha's attack. You block the phantom's attack.
Duvessa hits you with a +0 short sword.
* * * LOW HITPOINT WARNING * * *
Natasha casts a spell.
The orc shouts!
You hit Natasha.
Natasha is lightly wounded.
You barely miss Duvessa. You hit the phantom but do no damage.
You block Duvessa's attack. The phantom barely misses you.
You block Duvessa's attack. Natasha claws you.
You die...

# #.#####$#.## #
####.##......... #
#.......#######. #####
#.##.##.#≈≈≈≈≈#. ..>.#
#.##.##.#S≈∩≈≈+. ###.#
#.#.....#SSs≈≈#. ###.##
#.#.###.#######. .....#
#.#.##..heoe....
.....####.......@#.##..
..(...........5..Wo.'o$.
....#######.##...#.##...
#.#.# #.##..##.# ###.#
#.##.## # #.# #.... #.#
####? #.# #. #.#


You could see a phantom, Duvessa, Dowan, an orc wizard, Natasha, a crimson imp,
3 adders, 2 orcs and a giant cockroach.

Vanquished Creatures
  2 worker ants (D:4)
  An adder (D:4)
  2 dart slugs
  2 leopard geckos
  An orc (D:4)
  A ball python (D:1)
  A giant cockroach (D:1)
  3 goblins
  A hobgoblin (D:2)
  2 kobolds
  2 quokkas (D:2)
  A frilled lizard (D:4)
  A rat (D:1)
20 creatures vanquished.

Notes
Turn   | Place    | Note
-------+----------+-------------------------------------------
     0 | D:1      | Flugslaktarn the Minotaur Fighter began the quest for the
                  | Orb.
     0 | D:1      | Reached XP level 1. HP: 19/19 MP: 0/0
   193 | D:1      | Reached XP level 2. HP: 27/27 MP: 1/1
   419 | D:2      | Found an iron altar of Okawaru.
   599 | D:4      | Reached XP level 3. HP: 28/33 MP: 2/2
   776 | D:4      | Reached XP level 4. HP: 36/40 MP: 3/3
   825 | D:4      | Found a staircase to the Ecumenical Temple.
   889 | D:4      | Found a glowing drain.
   890 | D:4      | Noticed Natasha
   891 | D:4      | Noticed Duvessa
   894 | D:4      | Noticed Dowan
   898 | D:4      | Noticed a phantom
   901 | D:4      | HP: 2/40 [Duvessa/+0 short sword (2)]
   902 | D:4      | Slain by Natasha

Levels and vault maps discovered:
D:1:      nzn_arrival_depleted_hourglass, layout_loops_ring
D:2:      layout_basic, first_ration, okawaru_trees_2
D:3:      layout_basic, grunt_temple_overflow_open,
          chequers_ecumenical_altar_simple_redux, minmay_cupped
D:4:      layout_loops_corners, temple_doors_cd, gup_sewer_entry_glass,
          uniq_natasha, uniq_blork_the_orc, uniq_duvessa

Skill      XL: |  1  2 |
---------------+-------+-----
Axes           | 3 |  3.9
Fighting       | 4 |  4.2
Armour         | 4 |  4.2
Shields        | 4 |  4.2

Action                   |  1- 3 |  4- 6 || total
-------------------------+-------+-------++-------
Melee: War axe           |    50 |     8 ||    58
       Headbutt          |     7 |     3 ||    10
Armor: Scale mail        |    11 |     7 ||    18
Dodge: Dodged            |    15 |     4 ||    19
Block: Kite shield       |    28 |     9 ||    37

Table legend:
 A = Non-vault XP
 B = Vault XP
 C = Vault XP percentage of total XP
 D = Non-vault monster count
 E = Vault monster count
 F = Vault count percentage of total count
                 A         B        C        D         E       F
            +---------+---------+-------+---------+---------+-------
      Total |     117 |       0 |   0.0 |      20 |       0 |   0.0
            +---------+---------+-------+---------+---------+-------
        D:1 |      18 |       0 |   0.0 |       8 |       0 |   0.0
        D:2 |      12 |       0 |   0.0 |       5 |       0 |   0.0
        D:3 |       2 |       0 |   0.0 |       1 |       0 |   0.0
        D:4 |      85 |       0 |   0.0 |       6 |       0 |   0.0
            +---------+---------+-------+---------+---------+-------
